 Dungeon Crawl Stone Soup version 0.26.1-11-gd32895ea62 (webtiles) character file.

Game seed: 2446798008287071558

1449 Almogavar the Reanimator (level 8, 0/54 HPs)
             Began as a Demonspawn Necromancer on May 22, 2021.
             Was a Believer of Nemelex Xobeh.
             Slain by a lemure (4 damage)
             ... led by Pikel
             ... on level 5 of the Dungeon.
             The game lasted 00:32:17 (8360 turns).

Almogavar the Reanimator (Demonspawn Necromancer)   Turns: 8360, Time: 00:32:17

Health: 0/54       AC:  9    Str:  8    XL:     8   Next: 47%
Magic:  0/26       EV: 13    Int: 24    God:    Nemelex Xobeh [**....]
Gold:   744        SH:  0    Dex: 15    Spells: 15/20 levels left

rFire    . . .     SeeInvis .   q - +3 quarterstaff (chaos)
rCold    . . .     Faith    .   (shield currently unavailable)
rNeg     . . .     Spirit   +   a - +0 robe
rPois    .         Reflect  .   c - +0 helmet
rElec    .         Harm     .   r - +1 cloak {rCorr}
rCorr    +         Rampage  .   m - +0 pair of gloves
Will     .....                  y - +0 pair of boots
Stlth    ++........             (no amulet)
HPRegen  0.18/turn              h - +6 ring of intelligence
MPRegen  0.20/turn              e - ring of magical power

@: about to teleport
A: hooves 2, iridescent scales 1, powered by pain 2, magic shield
a: Renounce Religion, Draw Escape, Draw Destruction, Draw Summoning


You were on level 5 of the Dungeon.
You worshipped Nemelex Xobeh.
Nemelex Xobeh was pleased with you.
You visited 1 branch of the dungeon, and saw 5 of its levels.
You also visited: Sewer.

You collected 744 gold pieces.

Inventory:

Hand Weapons
 d - a +0 dagger
 o - a +2 whip of flaming
 q - a +3 quarterstaff of chaos (weapon)
Armour
 a - a +0 robe (worn)
 c - a +0 helmet (worn)
 m - a +0 pair of gloves (worn)
 r - a +1 cloak of preservation (worn)
 s - a +0 troll leather armour {Purgy}
 y - a +0 pair of boots (worn)
Jewellery
 e - a ring of magical power (right hand)
 h - a +6 ring of intelligence (left hand)
Wands
 w - a wand of paralysis (8)
 z - a wand of disintegration (9)
Scrolls
 j - 2 scrolls of fear
 p - a scroll of remove curse {unknown}
 t - a scroll of fog {unknown}
 v - a scroll of enchant armour {unknown}
Potions
 b - 2 potions of brilliance
 f - a potion of ambrosia
 g - a potion of might {unknown}
 k - 5 potions of curing
 l - a potion of attraction {unknown}
 n - 2 potions of berserk rage {unknown}
 u - a potion of haste {unknown}


   Skills:
 + Level 1.0 Fighting
 + Level 2.0 Staves
 + Level 2.6 Dodging
 + Level 2.8 Stealth
 + Level 6.6 Spellcasting
 + Level 8.5 Necromancy


You had 15 spell levels left.
You knew the following spells:

 Your Spells              Type           Power        Failure   Level
a - Pain                  Necr           100%         1%          1
b - Animate Skeleton      Necr           96%          1%          1
c - Vampiric Draining     Necr           24%          1%          3

Your spell library contained the following spells:

 Spells                   Type           Power        Failure   Level
 Animate Dead             Necr           24%          2%          4
 Agony                    Necr           48%          6%          5


Dungeon Overview and Level Annotations

Branches:
Dungeon (5/15)              Sewer (visited)
 Temple: D:4-7

Altars:
Cheibriados
Fedhas
Gozag
Nemelex Xobeh
Trog
Uskayaw
Xom
The Shining One

Annotations:
D:5 Pikel


Innate Abilities, Weirdness & Mutations

You have hoof-like feet.
You are partially covered in iridescent scales. (AC +2)
You sometimes gain power by taking damage.
When hurt, damage is shared between your health and your magic reserves.


Message History

That felt strangely unrewarding.
Something hits you.
Your +0 hand axe "Wyath" {flame, Fragile +Inv +Fly rElec} hits the lemure but does no damage.
You barely miss something. Something hits you!
Your +0 hand axe "Wyath" {flame, Fragile +Inv +Fly rElec} hits the lemure.
Your +0 hand axe "Wyath" {flame, Fragile +Inv +Fly rElec} burns the lemure.
You sock something! You freeze something.
Something hits you but does no damage.
You are electrocuted!!
* * * LOW HITPOINT WARNING * * *
The lemure hits you!
* * * LOW HITPOINT WARNING * * *
Okay, then.
Casting: Pain (safe; 1% risk of failure)
Confirm with . or Enter, or press ? or * to list all spells.
You don't have enough magic to cast that spell.
As you read the scroll of teleportation, it crumbles to dust.
You feel strangely unstable. Something hits you.
* * * LOW HITPOINT WARNING * * *
The lemure hits you.
You die...
Your body glows slightly and disappears.

##...(.......##
#..........##
.K............####......(.##
##.............# ##.......
#.............## #.....
##.............##
#...K..........##
##..............#
#..........(5..##
##..........{@..#
#...................
##................## .
................### .
.............$.### .
...........#..## .
.#..!####.. . #### ### .


You could see a lemure and a friendly +0 hand axe "Wyath" {flame, Fragile +Inv
+Fly rElec} (summoned).

Vanquished Creatures
  Sigmund (D:2)
  A water moccasin (D:4)
  Purgy (Sewer)
  A phantom (D:4)
  2 ogres
  2 lemures (D:5)
  Blork the orc (D:4)
  A scorpion (D:4)
  A crimson imp (D:4)
  2 hounds (D:4)
  Crazy Yiuf (D:2)
  A gnoll shaman (D:4)
  2 orc priests (D:4)
  2 orc wizards
  A centaur skeleton (D:5)
  An iguana (D:3)
  Terence (D:3)
  2 worker ants (D:4)
  A killer bee zombie (D:5)
  Robin (D:1)
  A worker ant zombie (D:5)
  10 gnolls
  5 adders
  3 oozes
  3 adder skeletons (D:4)
  5 worms
  4 dart slugs
  4 leopard geckos
  8 orcs
  9 bats
  6 giant cockroaches
  13 goblins
  11 hobgoblins
  2 quokkas (D:3)
  A ball python (D:3)
  2 frilled lizards (D:4)
  A goblin skeleton (D:4)
  A goblin zombie (D:4)
  A hobgoblin zombie (D:4)
  5 kobolds
  A kobold skeleton (D:4)
  3 kobold zombies (D:4)
  2 orc skeletons (D:4)
  6 rats
133 creatures vanquished.

Vanquished Creatures (collateral kills)
  A gnoll (D:3)
  A giant cockroach (D:5)
2 creatures vanquished.

Grand Total: 135 creatures vanquished

Notes
Turn   | Place    | Note
-------+----------+-------------------------------------------
     0 | D:1      | Almogavar the Demonspawn Necromancer began the quest for
                  | the Orb.
     0 | D:1      | Reached XP level 1. HP: 13/13 MP: 3/3
   290 | D:1      | Gained mutation: You sometimes gain a little power by
                  | taking damage. [demonic ancestry]
   290 | D:1      | Reached XP level 2. HP: 5/19 MP: 1/5
   545 | D:1      | Learned a level 1 spell: Animate Skeleton
   810 | D:1      | Found a sparkling altar of Nemelex Xobeh.
   876 | D:1      | Became a worshipper of Nemelex Xobeh the Trickster
   990 | D:2      | Noticed Robin
  1029 | D:2      | Reached skill level 5 in Necromancy
  1113 | D:1      | Killed Robin
  1114 | D:1      | Gained mutation: You have large cloven feet. [demonic
                  | ancestry]
  1114 | D:1      | Reached XP level 3. HP: 2/24 MP: 0/6
  2525 | D:2      | Found a faded altar of an unknown god.
  2645 | D:2      | Found an opulent altar of Gozag.
  2822 | D:2      | Found a snail-covered altar of Cheibriados.
  2837 | D:2      | Noticed Sigmund
  3133 | D:2      | Reached XP level 4. HP: 29/30 MP: 6/8
  3388 | D:2      | Found a hide-covered altar of Uskayaw.
  3588 | D:2      | Learned a level 3 spell: Vampiric Draining
  3592 | D:2      | Killed Sigmund
  3593 | D:2      | Reached skill level 6 in Necromancy
  3593 | D:2      | Gained mutation: You have hoof-like feet. [demonic
                  | ancestry]
  3593 | D:2      | Reached XP level 5. HP: 2/35 MP: 3/10
  3918 | D:2      | Found a runed translucent door.
  3919 | D:2      | Noticed Crazy Yiuf
  3926 | D:2      | Killed Crazy Yiuf
  4143 | D:3      | Gained mutation: You sometimes gain power by taking damage.
                  | [demonic ancestry]
  4143 | D:3      | Reached XP level 6. HP: 37/41 MP: 7/12
  4287 | D:3      | Found a glowing drain.
  4294 | Sewer    | Entered a sewer
  4392 | Sewer    | Noticed Purgy
  4412 | Sewer    | Killed Purgy
  4714 | D:3      | Reached * piety under Nemelex Xobeh
  4928 | D:3      | Found a blossoming altar of Fedhas.
  5192 | D:3      | Noticed Terence
  5201 | D:3      | Killed Terence
  5206 | D:3      | Gained mutation: When hurt, damage is shared between your
                  | health and your magic reserves. [demonic ancestry]
  5206 | D:3      | Reached XP level 7. HP: 36/47 MP: 10/14
  5448 | D:3      | Received a gift from Nemelex Xobeh
  5841 | D:4      | Found a bloodstained altar of Trog.
  5845 | D:4      | Reached skill level 7 in Necromancy
  6107 | D:4      | Reached skill level 5 in Spellcasting
  6557 | D:4      | Reached skill level 1 in Staves
  6720 | D:4      | Noticed Blork the orc
  6729 | D:4      | Killed Blork the orc
  7124 | D:4      | Gained mutation: You are partially covered in iridescent
                  | scales. (AC +2) [demonic ancestry]
  7124 | D:4      | Reached XP level 8. HP: 49/53 MP: 17/17
  7236 | D:4      | Reached ** piety under Nemelex Xobeh
  7236 | D:4      | Received a gift from Nemelex Xobeh
  7282 | D:4      | Reached skill level 8 in Necromancy
  7287 | D:4      | Found a glowing golden altar of the Shining One.
  7924 | D:4      | Reached skill level 1 in Fighting
  8033 | D:4      | Found a shimmering altar of Xom.
  8084 | D:5      | Entered Level 5 of the Dungeon
  8312 | D:5      | Noticed Pikel
  8345 | D:5      | Received a gift from Nemelex Xobeh
  8346 | D:5      | Identified the +0 hand axe "Wyath" {flame, Fragile +Inv
                  | +Fly rElec}
  8360 | D:5      | Slain by a lemure

Illustrated notes

Levels and vault maps discovered:
D:1:      lightli_arrival_windingriver, layout_rooms, roderic_three_in_a_row,
          nemelex_altar_shiori
D:2:      layout_loops_ring, eat_drink_and_be_merry_uskayaw,
          kennysheep_slug_shrine, grunt_gozag_breadcrumbs,
          chequers_ecumenical_altar_twisty, uniq_robin, uniq_sigmund,
          uniq_crazy_yiuf_cottage
D:3:      layout_loops_ring, fedhas_altar_1, gup_sewer_entry_bubbles,
          uniq_terence
D:4:      minmay_polygon_palace, layout_cave_pods, kennysheep_little_box,
          marbit_many_paths, nicolae_tso_besieged_by_evil, serial_park,
          serial_park_square1 [serial_park_minivault_5x5_5], abandoned_shop,
          uniq_blork_the_orc
D:5:      layout_cave_pods, nicolae_overflow_hidden_temple,
          minmay_temple_entry_statues, uniq_pikel

Skill      XL: |  1  2  3  4  5  6  7  8 |
---------------+-------------------------+-----
Stealth        | 2 |  2.8
Necromancy     | 5 6 7 8 |  8.5
Spellcasting   | 3 4 6 |  6.6
Dodging        | 2 |  2.6
Staves         | 1 2 |  2.0
Fighting       | 1 |  1.0

Action                   |  1- 3 |  4- 6 |  7- 9 || total
-------------------------+-------+-------+-------++-------
Melee: Dagger            |    11 |    13 |       ||    24
       Kick              |     1 |     4 |     7 ||    12
       Quarterstaff      |       |     2 |    80 ||    82
 Cast: Pain              |    64 |   104 |    98 ||   266
       Animate Skeleton  |     5 |     2 |     3 ||    10
       Vampiric Draining |       |     2 |    13 ||    15
Invok: Draw Summoning    |       |       |     1 ||     1
  Use: Scroll            |     2 |     4 |     2 ||     8
 Stab: Sleeping          |     2 |     1 |     4 ||     7
Armor: Robe              |     4 |    13 |    39 ||    56
Dodge: Dodged            |    17 |    31 |    71 ||   119
